 Dungeon Crawl Stone Soup version 0.28.0-49-g6dfe1f597d (webtiles) character file.

Game seed: 1010699244176166695

80183 Tinkle the Warrior (level 15, -6/119 (121) HPs)
             Began as a Minotaur Berserker on Mar 17, 2022.
             Was the Champion of Trog.
             Killed from afar by a starcursed mass (9 damage)
             ... with an accursed screaming
             ... summoned by a shadow demon
             ... on level 2 of the Abyss on May 12, 2022.
             The game lasted 02:21:00 (32334 turns).

Tinkle the Warrior (Minotaur Berserker)            Turns: 32334, Time: 02:21:00

HP:   -6/119 (121)  AC: 28    Str: 27    XL:     15   Next: 23%
MP:   21/21         EV:  7    Int: 10    God:    Trog [******]
Gold: 1196          SH: 12    Dex:  8    Spells: 14/14 levels left

rFire   + . .      SeeInvis .   a - +9 war axe of Untruth {protect, Int+6}
rCold   + + +      Faith    +   x - +1 kite shield
rNeg    . . .      Spirit   .   r - +0 plate armour
rPois   +          Reflect  .   (helmet restricted)
rElec   +          Harm     .   X - scarf {rC+ rF+}
rCorr   +          Rampage  ∞   K - +0 pair of gloves "Rukk" {rElec rC+ rCorr}
Will    +....      Rage     3%  C - +3 pair of seven-league boots {Rampage+∞}
Stlth   ..........              t - amulet of Entrepreneurial Spirit {Faith Rampage rCorr MP+9}
HPRegen 0.00/turn               N - ring "Loreoxzuw" {rPois rC+}
MPRegen 0.17/turn               J - +4 ring of slaying

@: under a protective aura, sick, studying Shields, lightly drained
A: horns 2, retaliatory headbutt, clumsy 1, low MP 1, weak 1, [berserk 2],
[frail 2]
a: Renounce Religion, Berserk, Trog's Hand, Brothers in Arms


You were on level 2 of the Abyss.
You worshipped Trog.
Trog was exalted by your worship.
You visited 2 branches of the dungeon, and saw 19 of its levels.
You visited the Abyss 1 time.
You also visited: Gauntlet, Ice Cave and Volcano.

You collected 1639 gold pieces.
You spent 443 gold pieces at shops.

Inventory:

Hand Weapons
 a - the +9 war axe of Untruth (weapon) {protect, Int+6}
   (You found it on level 1 of the Lair of Beasts)

   It grants its wielder temporary protection when it strikes (+7 to AC).
   Int:       It affects your intelligence (+6).
 b - a +6 broad axe of flaming
Missiles
 l - 12 poisoned darts (quivered)
 y - a throwing net
 O - 8 silver javelins
Armour
 h - the +0 scale mail "Cunuyst" {rF+ rC- rN+++ rCorr}
   (You took it off a goblin on level 2 of the Dungeon)

   rF:        It protects you from fire.
   rC:        It makes you vulnerable to cold.
   rN:        It renders you almost immune to negative energy.
   rCorr:     It protects you from acid and corrosion.
 r - a +0 plate armour (worn)
 x - a +1 kite shield (worn)
 C - the +3 pair of seven-league boots (worn) {Rampage+∞}
   (You found it on level 2 of the Lair of Beasts)

   Its wearer moves as far as possible in that direction when moving towards
   enemies.
 K - the +0 pair of gloves "Rukk" (worn) {rElec rC+ rCorr}
   (You found it in a Gauntlet)

   rC:        It protects you from cold.
   rElec:     It insulates you from electricity.
   rCorr:     It protects you from acid and corrosion.
 V - the +5 chain mail "Ykyofin" {Str+5}
   (You found it on level 5 of the Lair of Beasts)

   Str:       It affects your strength (+5).
 X - a scarf of resistance (worn)
Jewellery
 e - a +4 ring of protection
 g - a ring of protection from cold
 p - a ring of poison resistance
 q - an amulet of the acrobat
 t - the amulet of Entrepreneurial Spirit (around neck) {Faith Rampage rCorr MP+9}
   (You bought it in a shop on level 2 of the Dungeon)

   [amulet of faith]

   It allows you to gain divine favour quickly.
   MP:        It affects your magic capacity (+9).
   rCorr:     It protects you from acid and corrosion.
   Rampage:   It bestows one free step when moving towards enemies.
 G - a +4 ring of protection
 J - a +4 ring of slaying (right hand)
 M - a ring of willpower
 N - the ring "Loreoxzuw" (left hand) {rPois rC+}
   (You found it on level 3 of the Lair of Beasts)

   [ring of protection from cold]

   rC:        It protects you from cold.
   rPois:     It protects you from poison.
 P - the ring "Ebucviz" {rF+ Dex+3}
   (You found it in a Gauntlet)

   [ring of protection from fire]

   Dex:       It affects your dexterity (+3).
   rF:        It protects you from fire.
 U - an amulet of reflection
Wands
 o - a wand of flame (43)
 s - a wand of digging (2)
 z - a wand of polymorph (18)
 D - a wand of paralysis (23)
 Q - a wand of iceblast (10)
 W - a wand of acid (4)
Scrolls
 i - 6 scrolls of teleportation
 k - a scroll of fog
 m - 7 scrolls of immolation
 E - 4 scrolls of fear
 F - 4 scrolls of holy word
 L - a scroll of brand weapon {unknown}
 S - a scroll of enchant weapon
 T - a scroll of magic mapping
 Z - a scroll of summoning {unknown}
Potions
 d - 2 potions of invisibility
 f - 8 potions of flight
 j - 7 potions of curing
 n - a potion of resistance
 u - 6 potions of ambrosia
 v - 4 potions of heal wounds
 w - 7 potions of might
 A - 2 potions of magic
 B - 4 potions of haste
 H - 2 potions of berserk rage
 I - a potion of degeneration
 R - a potion of cancellation
 Y - 2 potions of mutation
Miscellaneous
 c - a tin of tremorstones (2/2)


   Skills:
 * Level 19.1 Fighting
 - Level 16.0 Axes
 - Level 12.0 Armour
 - Level 2.1 Dodging
 + Level 13.8 Shields
 + Level 9.9 Evocations


You had 14 spell levels left.
You didn't know any spells.
Your spell library was empty.

Dungeon Overview and Level Annotations

Branches:
Dungeon (13/15)            Temple (0/1) D:5            Lair (6/6) D:11
 Shoals (0/4) Lair:3        Snake (0/4) Lair:3        Slime (0/5) Lair:5
    Orc (0/2) D:11         Vaults (0/5) D:13          IceCv (visited)
Volcano (visited)         Gauntlet (visited)

Altars:
Ashenzari
Cheibriados
Elyvilon
Makhleb
Qazlal
Uskayaw
Vehumet
Wu Jian
Yredelemnul

Shops:
D:2 *   D:4 *   D:9 **

Annotations:
D:6 1 runed translucent door, Crazy Yiuf


Innate Abilities, Weirdness & Mutations

You have a pair of horns on your head.
You reflexively headbutt those who attack you in melee.
You are clumsy. (Dex -2)
Your magical capacity is low. (-10% MP)
You are weak. (Str -2)
[You often lose your temper in combat.]
[You are very frail. (-20% HP)]


Message History

The harpy skeleton barely misses you.
The harpy skeleton claws you but does no damage.
The harpy skeleton claws you but does no damage. x2
You block the harpy skeleton's attack. x2
You are too injured to fight recklessly!
You are too injured to fight recklessly!
You are too injured to fight recklessly!
Okay, then.
You slash the small abomination!
Your weapon exudes an aura of protection.
The small abomination is moderately damaged.
You slice the harpy skeleton!!
You destroy the harpy skeleton!
The harpy skeleton dissolves into shadows!
The small abomination hits you.
* * * LOW HITPOINT WARNING * * *
You slash the small abomination!
Your headbutt misses the small abomination.
The small abomination is severely damaged.
You slice the small abomination!!
The small abomination hits you but does no damage.
The small abomination barely misses you.
You feel ill.
The small abomination hits you but does no damage.
You slash the small abomination!
You destroy the small abomination!
That felt strangely unrewarding.
You hit the small abomination.
The wretched star pulses with an eldritch light!
You block the small abomination's attack.
A starcursed mass splits.
You slash the lurking horror!
You feel a surge of unholy energy.
You slash the small abomination!
You destroy the small abomination!
That felt strangely unrewarding.
You cut the wretched star into ribbons!!!
Your headbutt misses the wretched star.
The wretched star is severely damaged.
You hit the ancient zyme.
A starcursed mass splits.
A chorus of shrieks assaults your mind.
You die...

.............
......... # ....
..X...#......#.
......#.XX...........
. . ................#
...................#
.. ................##
...........#.2.....#
..... .........x*..##
#.....########@###
##..## ### . .


You could see 3 starcursed masses, a wretched star (summoned), a shadow demon
and an ancient zyme.

Vanquished Creatures
  A cacodemon (Gauntlet)
  A quicksilver ooze (Lair:4)
  A minotaur (Gauntlet)
  A boulder beetle (Lair:2)
  A great orb of eyes (Abyss:2)
  5 hydras
  3 catoblepae (Lair:6)
  An ogre mage (D:10)
  8 two-headed ogres
  13 death yaks
  2 thrashing horrors (Abyss:2)
  A wretched star (Abyss:2)
  A hell knight (Volcano)
  2 sixfirhies
  Pikel (D:4)
  2 lindwurms
  3 necromancers
  6 manticores
  4 ugly things
  Maurice (D:11)
  14 elephants
  A cyclops (D:13)
  An ice statue (IceCv)
  A guardian serpent (Lair:2)
  6 black mambas
  Joseph (D:7)
  A gargoyle (D:13)
  12 cane toads
  2 unseen horrors
  3 smoke demons
  9 komodo dragons
  A rime drake (Lair:4)
  3 freezing wraiths
  3 entropy weaver simulacra (IceCv)
  4 yaktaurs (D:13)
  2 anaconda simulacra (IceCv)
  A red devil (Volcano)
  14 ice devils (IceCv)
  A queen bee (Lair:6)
  4 trolls
  3 meliai (Lair:6)
  9 raiju (Abyss:2)
  2 hornets
  6 blink frogs (Lair:3)
  4 slime creatures (Lair:4)
  4 wyverns
  Sigmund (D:6)
  11 fire bats
  2 vampires (D:10)
  4 large abominations (Abyss:2)
  5 basilisks
  A neqoxec (Gauntlet)
  77 yaks
  7 death yak simulacra (IceCv)
  2 steam dragons
  7 vampire mosquitoes
  Edmund (D:5)
  2 harpy simulacra (IceCv)
  3 nagas (Lair:3)
  Menkaure (D:4)
  An acid dragon (D:9)
  12 water moccasins
  6 small abominations (Abyss:2)
  2 black bears
  An ice beast (D:8)
  4 sky beasts
  A necrophage (D:5)
  4 ogres
  7 orc warriors
  7 centaurs
  5 wolves (Gauntlet)
  A lemure (D:4)
  2 kobold brigands
  Blork the orc (D:5)
  A gnoll sergeant (D:9)
  19 bullfrogs
  2 scorpions
  2 two-headed ogre simulacra (IceCv)
  2 cane toad simulacra (IceCv)
  A wyvern skeleton (D:5)
  3 water moccasin skeletons (D:5)
  16 killer bees (Lair:6)
  5 elephant simulacra (IceCv)
  2 howler monkeys (D:8)
  6 lava snakes (Volcano)
  4 centaur zombies
  8 crimson imps (D:11)
  4 hounds
  5 orc priests
  3 bullfrog skeletons
  4 jellies (Lair:4)
  A centaur skeleton (D:5)
  3 iguanas
  A gnoll shaman (D:5)
  5 orc wizards
  4 hell rats (Lair:6)
  3 polar bear simulacra (IceCv)
  A troll simulacrum (IceCv)
  3 wolf simulacra (IceCv)
  A hound skeleton (D:4)
  A howler monkey zombie (D:8)
  4 adders
  19 gnolls
  A naga simulacrum (IceCv)
  A shadow imp (Abyss:2)
  14 white imps
  11 ufetubi
  A dart slug (D:7)
  21 orcs
  10 endoplasms
  5 giant cockroaches
  11 goblins
  6 hobgoblins
  2 jackals (D:2)
  3 quokkas
  3 ball pythons
  11 bats
  A frilled lizard (D:3)
  12 kobolds
  7 rats
  3 bushes
  A lurking horror (Abyss:2)
605 creatures vanquished.

Vanquished Creatures (others)
  A smoke demon (Abyss:2)
  11 fungi
  44 plants
56 creatures vanquished.

Grand Total: 661 creatures vanquished

Notes
Turn   | Place    | Note
-------+----------+-------------------------------------------
     0 | D:1      | Tinkle the Minotaur Berserker began the quest for the Orb.
     0 | D:1      | Reached XP level 1. HP: 19/19 MP: 0/0
   274 | D:1      | Reached skill level 4 in Fighting
   276 | D:1      | Reached XP level 2. HP: 14/27 MP: 1/1
  1344 | D:2      | Found a faded altar of an unknown god.
  1345 | D:2      | Identified the +0 scale mail "Cunuyst" {rF+ rC- rN+++
                  | rCorr}
  1350 | D:2      | Reached ** piety under Trog
  1351 | D:2      | Reached XP level 3. HP: 34/34 MP: 2/2
  1358 | D:2      | Noticed a golden eye
  1359 | D:2      | Noticed a great orb of eyes
  1359 | D:2      | Noticed an eye of devastation
  1359 | D:2      | Noticed a great orb of eyes
  1688 | D:2      | Reached XP level 4. HP: 40/41 MP: 3/3
  1884 | D:2      | Reached skill level 5 in Axes
  2007 | D:2      | Found Kotsuhy's Assorted Antiques.
  2093 | D:2      | Reached skill level 5 in Fighting
  2258 | D:3      | Noticed a bullfrog
  2262 | D:3      | Killed a bullfrog
  2263 | D:3      | Reached XP level 5. HP: 44/48 MP: 4/4
  3151 | D:4      | Found Afuch's Assorted Antiques.
  3161 | D:4      | Noticed Menkaure
  3179 | D:4      | Killed Menkaure
  3180 | D:4      | Reached XP level 6. HP: 5/56 MP: 5/5
  3707 | D:2      | Bought a bound steel amulet for 160 gold pieces
  3707 | D:2      | Identified the amulet of Entrepreneurial Spirit {Faith
                  | Rampage rCorr MP+9} (You bought it in a shop on level 2 of
                  | the Dungeon)
  3853 | D:4      | Noticed Pikel
  3863 | D:4      | Killed Pikel
  3864 | D:4      | Reached skill level 5 in Armour
  3864 | D:4      | Reached XP level 7. HP: 61/61 MP: 6/6
  4066 | D:4      | Noticed a steam dragon
  4078 | D:4      | Killed a steam dragon
  4353 | D:4      | Reached skill level 10 in Axes
  4353 | D:4      | Reached XP level 8. HP: 69/69 MP: 7/7
  4451 | D:5      | Entered Level 5 of the Dungeon
  4549 | D:5      | Reached *** piety under Trog
  4550 | D:5      | Reached skill level 1 in Shields
  4682 | D:5      | Noticed Edmund
  5202 | D:5      | Killed Edmund
  5303 | D:5      | Found a staircase to the Ecumenical Temple.
  5952 | D:5      | Noticed Blork the orc
  5963 | D:5      | Killed Blork the orc
  6276 | D:6      | Reached XP level 9. HP: 73/74 MP: 8/8
  6606 | D:6      | Noticed Sigmund
  6722 | D:6      | Killed Sigmund
  6723 | D:6      | Reached skill level 5 in Shields
  6757 | D:6      | Found a basalt altar of Yredelemnul.
  6757 | D:6      | Found a hide-covered altar of Uskayaw.
  6757 | D:6      | Found a burning altar of Makhleb.
  6964 | D:6      | Found a runed translucent door.
  6965 | D:6      | Noticed Crazy Yiuf
  7087 | D:6      | Found a white marble altar of Elyvilon.
  7466 | D:4      | Bought a scroll labelled QEZOIR JAPOLI for 28 gold pieces
  7466 | D:4      | Bought a scroll labelled USTIOQ GOSM for 28 gold pieces
  7466 | D:4      | Bought a scroll labelled WIRIMM WOUTO for 28 gold pieces
  7466 | D:4      | Bought a sedimented red potion for 25 gold pieces
  8061 | D:7      | Noticed Joseph
  8074 | D:7      | Killed Joseph
  8486 | D:7      | Found a snail-covered altar of Cheibriados.
  8897 | D:7      | Reached skill level 6 in Fighting
  8899 | D:7      | Reached **** piety under Trog
 10393 | D:8      | Reached XP level 10. HP: 82/84 MP: 9/9
 10508 | D:8      | Reached skill level 15 in Axes
 11208 | D:9      | Noticed a two-headed ogre
 11219 | D:9      | Killed a two-headed ogre
 11869 | D:9      | Reached skill level 7 in Fighting
 12360 | D:9      | Reached skill level 8 in Fighting
 12653 | D:9      | Found Yduyc's General Store.
 12653 | D:9      | Found Cuceosm's Specific Store.
 12810 | D:9      | Noticed a cyclops
 12811 | D:9      | Noticed a boulder beetle
 12820 | D:9      | Noticed a two-headed ogre
 12861 | D:9      | Noticed a four-headed hydra
 12862 | D:9      | Noticed a gargoyle
 13035 | D:10     | Entered Level 10 of the Dungeon
 13244 | D:4      | Bought a brass ring for 140 gold pieces
 13751 | D:10     | Noticed a two-headed ogre
 13787 | D:10     | Killed a two-headed ogre
 13788 | D:10     | Reached skill level 9 in Fighting
 13788 | D:10     | Reached XP level 11. HP: 86/97 MP: 10/10
 13955 | D:10     | Noticed a two-headed ogre
 13957 | D:10     | Noticed an ogre mage
 14005 | D:9      | Killed a two-headed ogre
 14560 | D:10     | Found a radiant altar of Vehumet.
 15202 | D:10     | Found a stormy altar of Qazlal.
 15257 | D:10     | Found a broken altar of Ashenzari.
 15580 | D:10     | Killed an ogre mage
 15585 | D:10     | Reached skill level 10 in Fighting
 15875 | D:9      | Bought a scroll of identify for 34 gold pieces
 15988 | D:11     | Found a gate leading to a gauntlet.
 15996 | D:11     | Noticed Maurice
 15999 | Gauntlet | Entered a Gauntlet
 15999 | Gauntlet | Noticed a sixfirhy
 15999 | Gauntlet | Found a runed translucent gate.
 15999 | Gauntlet | Found a transporter.
 15999 | Gauntlet | Found a transporter.
 15999 | Gauntlet | Found a transporter.
 16000 | Gauntlet | Found a transporter.
 16001 | Gauntlet | Found a transporter.
 16140 | Gauntlet | Found a runed translucent gate.
 16140 | Gauntlet | Noticed a necromancer
 16141 | Gauntlet | Found a runed translucent gate.
 16142 | Gauntlet | Found a transporter.
 16146 | Gauntlet | Found a runed translucent door.
 16146 | Gauntlet | Found a runed translucent door.
 16149 | Gauntlet | Found a transporter.
 16150 | Gauntlet | Found a transporter.
 16151 | Gauntlet | Found a transporter.
 16153 | Gauntlet | Found a transporter.
 16155 | Gauntlet | Noticed a death yak
 16156 | Gauntlet | Noticed a death yak
 16157 | Gauntlet | Noticed a death yak
 16158 | Gauntlet | Noticed a death yak
 16158 | Gauntlet | Noticed a death yak
 16158 | Gauntlet | Noticed a death yak
 16161 | Gauntlet | Found a transporter.
 16161 | Gauntlet | Found a transporter.
 16161 | Gauntlet | Noticed a cacodemon
 16357 | Gauntlet | Killed a sixfirhy
 16358 | Gauntlet | Reached skill level 1 in Evocations
 16525 | Gauntlet | Killed a necromancer
 16763 | Gauntlet | Gained mutation: You are clumsy. (Dex -2) [a cacodemon]
 16766 | Gauntlet | Gained mutation: Your magical capacity is low. (-10% MP) [a
                  | neqoxec]
 16767 | Gauntlet | Killed a cacodemon
 16873 | Gauntlet | Identified the +0 pair of gloves "Rukk" {rElec rC+ rCorr}
 17049 | Gauntlet | Noticed a minotaur
 17063 | Gauntlet | Killed a minotaur
 17291 | Gauntlet | Identified the ring "Ebucviz" {rF+ Dex+3}
 17410 | D:11     | Killed Maurice
 17608 | D:11     | Found a staircase to the Orcish Mines.
 17653 | D:11     | Noticed a two-headed ogre
 17662 | D:11     | Killed a two-headed ogre
 17774 | D:11     | Reached XP level 12. HP: 106/106 MP: 9/9
 18045 | D:11     | Found a staircase to the Lair.
 18275 | Lair:1   | Entered Level 1 of the Lair of Beasts
 18290 | Lair:1   | Reached skill level 10 in Armour
 18479 | Lair:1   | Reached skill level 10 in Shields
 18499 | Lair:1   | Identified the +9 war axe of Untruth {protect, Int+6}
 19089 | Lair:1   | Reached skill level 5 in Evocations
 19997 | Lair:2   | Reached ***** piety under Trog
 20116 | Lair:2   | Found a dark tunnel.
 20125 | Volcano  | Entered a volcano
 20570 | Volcano  | Reached skill level 11 in Fighting
 20747 | Volcano  | Found a bloodstained altar of Trog.
 21075 | Lair:2   | Noticed a death yak
 21078 | Lair:2   | Noticed a boulder beetle
 21092 | Lair:2   | Killed a death yak
 21096 | Lair:2   | Killed a boulder beetle
 21097 | Lair:2   | Reached skill level 12 in Fighting
 21097 | Lair:2   | Reached XP level 13. HP: 43/118 MP: 10/10
 21505 | Lair:2   | Found the +3 pair of seven-league boots {Rampage+∞}
 22225 | Lair:3   | Reached skill level 13 in Fighting
 22429 | Lair:3   | Identified the ring "Loreoxzuw" {rPois rC+}
 22481 | Lair:3   | Identified the +0 robe of Apathy {rPois rC- rCorr Str+4}
 22879 | Lair:3   | Found a staircase to the Shoals.
 23029 | Lair:3   | Reached skill level 14 in Fighting
 23036 | Lair:3   | Found a staircase to the Snake Pit.
 23920 | Lair:4   | Noticed a quicksilver ooze
 23926 | Lair:4   | Killed a quicksilver ooze
 24557 | Lair:4   | Paralysed by a hornet for 2 turns
 24561 | Lair:4   | Reached skill level 15 in Fighting
 25188 | Lair:5   | Received a gift from Trog
 25214 | Lair:5   | Identified the +5 chain mail "Ykyofin" {Str+5}
 25292 | Lair:5   | Found a staircase to the Slime Pits.
 25358 | Lair:5   | Found a frozen archway.
 25367 | IceCv    | Entered an ice cave
 25624 | IceCv    | Reached XP level 14. HP: 127/136 MP: 11/11
 25624 | IceCv    | Reached ****** piety under Trog
 25631 | IceCv    | Reached skill level 16 in Fighting
 25694 | IceCv    | Found an ancient bone altar of Kikubaaqudgha.
 26131 | IceCv    | Received a gift from Trog
 27356 | Lair:6   | Entered Level 6 of the Lair of Beasts
 27627 | Lair:6   | Reached skill level 17 in Fighting
 28560 | Lair:6   | Reached skill level 18 in Fighting
 28876 | Lair:6   | Received a gift from Trog
 29620 | Lair:6   | Identified a scroll of acquirement
 29620 | Lair:6   | Acquired a manual of Shields
 29625 | Lair:6   | Upgraded the game from 0.28.0-43-g3370ac3207 to
                  | 0.28.0-49-g6dfe1f597d
 29906 | D:12     | Reached XP level 15. HP: 150/150 MP: 12/12
 30885 | D:12     | Found an ornate altar of the Wu Jian Council.
 31194 | D:13     | Reached skill level 19 in Fighting
 31505 | D:13     | Found a white marble altar of Elyvilon.
 31782 | D:13     | Found a gate to the Vaults.
 31788 | D:13     | Received a gift from Trog
 31793 | D:13     | Cast into level 2 of the Abyss (a wizard)
 32066 | Abyss:2  | Gained mutation: You are weak. (Str -2) [a neqoxec]
 32330 | Abyss:2  | HP: 3/119 [small abomination (3)]
 32334 | Abyss:2  | Killed from afar by a starcursed mass

Illustrated notes

Levels and vault maps discovered:
D:1:      doesnt_arrival_eight_statues, layout_loops_ring,
          minmay_misc_feat_doors
D:2:      layout_loops_ring, hellmonk_ecumenical_altar_watching_god,
          serial_shops, shop
D:3:      layout_basic, minmay_door_square, minmay_circle_x
D:4:      layout_gridville, serial_shops, shop, uniq_pikel, uniq_menkaure
D:5:      kb_forest_paths, layout_basic, minmay_temple_entry_large_hall,
          uniq_edmund, uniq_blork_the_orc
D:6:      corexii_shack_village, layout_cave_pools,
          mainiacjoe_overflow_alcove_1, gammafunk_temple_overflow_forgotten,
          serial_column_ruins, column_ruins_hut, column_ruins_hut_ruined,
          column_ruins_open_small, column_ruins_corridor_T,
          column_ruins_open_small, column_ruins_open_small, minmay_holes,
          uniq_sigmund, uniq_crazy_yiuf_cottage
D:7:      layout_basic, kennysheep_slug_shrine, amcnicky_mini_pool_small,
          uniq_joseph
D:8:      layout_basic, minmay_increasing_density
D:9:      layout_roguey, nicolae_specific_store,
          onia_ninara_dug_in_and_dangerous
D:10:     nicolae_cairo_tiling_large_dashed, layout_stronghold,
          mainiacjoe_overflow_cross_hatched, ashenzari_altar_1,
          vehumet_altar_wand_db
D:11:     layout_loops_cross, lair_entry_dummy, orc_0_dummy,
          gauntlet_entry_generic, minmay_nine_imps, uniq_maurice
D:12:     layout_basic, nzn_wu_jian_council_hall
D:13:     layout_roguey, david_vaults_1, hangedman_decor_push, elyvilon_altar_5,
          uniq_azrael
Lair:1:   layout_cave_pods, grunt_megastairs_4, infiniplex_staircase_pool
Lair:2:   layout_regular_city, nicolae_volcano_entry_batcave,
          hellmonk_guarded_unrand_seven_league_boots
Lair:3:   layout_misc_corridors, elwin_shoals_entry_rocks,
          guppyfry_snake_entry_garden, grunt_megastairs_3
Lair:4:   cheibrodos_lair_overgrown_chateau, layout_hall_layers,
          nicolae_lair_time_for_slime
Lair:5:   layout_small_grid, slime_dummy, portal_ice_cave_entry_imps,
          minmay_stone_trees_medium
Lair:6:   evilmike_catoblepas_cave, layout_hall_layers, special_room
          [special_room_bee], nicolae_quartered_pool_medium,
          lemuel_old_faithful, infiniplex_staircase_pool_2
Abyss:2:  base: Lair:5, hangedman_abyss_feature_spike,
          kilobyte_mutagenic_chamber, abyss_exit_lava, abyss_exit_lava

Skill      XL: |  1  2  3  4  5  6  7  8  9 10 11 12 13 14 15 |
---------------+----------------------------------------------+-----
Fighting       | 4 5 6 9 10 12 15 18 19 | 19.1
Axes           | 4 5 7 9 10 12 14 16 | 16.0
Armour         | 3 4 5 7 9 12 | 12.0
Shields        | 4 5 7 9 12 13 | 13.8
Evocations     | 3 5 7 9 |  9.9
Dodging        | |  2.1

Action                   |  1- 3 |  4- 6 |  7- 9 | 10-12 | 13-15 || total
-------------------------+-------+-------+-------+-------+-------++-------
Melee: Hand axe          |    75 |    73 |   322 |       |       ||   470
       Headbutt          |     8 |     9 |    80 |   107 |   177 ||   381
       War axe           |       |       |    49 |   487 |   721 ||  1257
       Flail             |       |       |       |       |    10 ||    10
       Broad axe         |       |       |       |       |     6 ||     6
Throw: Throwing net      |       |       |     1 |       |       ||     1
       Dart              |       |       |       |    33 |       ||    33
Invok: Berserk           |       |     1 |     5 |    11 |     2 ||    19
       Trog's Hand       |       |       |     2 |     6 |       ||     8
Evoke: Wand              |       |       |       |     1 |     1 ||     2
       Tin of tremorston |       |       |       |       |     4 ||     4
  Use: Scroll            |       |       |    12 |    11 |     8 ||    31
       Potion            |       |       |       |       |     4 ||     4
 Stab: Sleeping          |     2 |       |       |       |       ||     2
       Petrified         |       |       |       |       |     2 ||     2
Armor: Animal skin       |    11 |       |       |       |       ||    11
       Scale mail        |     5 |     1 |       |    26 |       ||    32
       Chain mail        |     4 |    26 |    63 |       |       ||    93
       Plate armour      |       |       |    21 |   175 |   504 ||   700
Dodge: Dodged            |    56 |    50 |   108 |   112 |   183 ||   509
Block: Kite shield       |       |       |   105 |   202 |   422 ||   729
